 Dungeon Crawl Stone Soup version 0.17-a0-1850-g688e747 (webtiles) character file.

123 dpvblackbelt the Chiller (level 4, -4/24 HPs)
             Began as a Deep Elf Ice Elementalist on Sept 19, 2015.
             Slain by Grinder (11 damage)
             ... on level 3 of the Dungeon.
             The game lasted 00:05:59 (1800 turns).

dpvblackbelt the Chiller (DEIE)                     Turns: 1800, Time: 00:05:59

Health: -4/24      AC:  2    Str:  5    XL:     4   Next: 79%
Magic:  2/13       EV: 13    Int: 21    God:
Gold:   84         SH:  0    Dex: 15    Spells: 3 memorised, 6 levels left

rFire  . . .     SeeInvis .     g - +0 dagger
rCold  . . .     Clarity  .     a - +0 robe
rNeg   . . .     SustAt   .     (no shield)
rPois  .         Gourm    .     (no helmet)
rElec  .         Spirit   .     (no cloak)
rCorr  .         Warding  .     (no gloves)
rMut   .         Stasis   .     (no boots)
MR     .....                    (no amulet)
Stlth  ++........               (no ring)
                                (no ring)

@: not resistant to hostile enchantments, unstealthy
A: no striking features
a: no special abilities


You were on level 3 of the Dungeon.
You were hungry.

You visited 1 branch of the dungeon, and saw 3 of its levels.

You collected 84 gold pieces.

Inventory:

Hand weapons
 g - a +0 dagger (weapon)
Armour
 a - a +0 robe (worn)
Jewellery
 e - a cursed amulet of inaccuracy {unknown}
Scrolls
 d - 4 scrolls of identify {unknown}
 h - a scroll of noise {unknown}
 k - a scroll of fear {unknown}
 l - a scroll of teleportation {unknown}
Potions
 f - 3 potions of curing
 i - a potion of cure mutation {unknown}
 j - 2 potions of ambrosia {unknown}
 m - a potion of agility {unknown}
Books
 b - a book of Frost

   Spells                             Type                      Level
   a - Freeze                         Ice                          1
   b - Throw Frost                    Conjuration/Ice              2
   c - Ozocubu's Armour               Charms/Ice                   3
   d - Throw Icicle                   Conjuration/Ice              4
   e - Summon Ice Beast               Ice/Summoning                4
   f - Condensation Shield            Ice                          4
Comestibles
 c - a bread ration


   Skills:
 - Level 2.4 Dodging
 - Level 2.4 Stealth
 - Level 5.0 Spellcasting
 - Level 1.1 Conjurations
 + Level 5.1 Ice Magic


You had 6 spell levels left.
You knew the following spells:

 Your Spells              Type           Power        Failure   Level  Hunger
a - Freeze                Ice            ####         1%          1    None
b - Throw Frost           Conj/Ice       ###...       6%          2    None
c - Throw Icicle          Conj/Ice       ###.....     34%         4    ####...


Dungeon Overview and Level Annotations

Branches:
Dungeon (3/15)

Altars:
Elyvilon
Trog

Annotations:
D:3 Grinder


Message History

* * * LOW HITPOINT WARNING * * *
Drink which item? (? for menu, Esc to quit)
It was a potion of curing.
You feel better. Grinder hits you.
You writhe in agony.
Casting: Throw Icicle
Confirm with . or Enter, or press ? or * to list all spells.
Aiming: Freeze
Press: ? - help, Shift-Dir - straight line, f/p - Grinder
Aim: Grinder (lightly wounded)
You freeze Grinder.
Grinder resists.
Grinder is moderately wounded.
Grinder hits you.
You writhe in agony.
* * * LOW HITPOINT WARNING * * *
Casting: Freeze
Confirm with . or Enter, or press ? or * to list all spells.
Aiming: Throw Frost
Press: ? - help, Shift-Dir - straight line, f/p - Grinder
Aim: Grinder (moderately wounded)
The puff of frost misses Grinder.
Grinder hits you!
You die...

.....[#######........#.##.#
#....?# #.......#..#.##.#
#.....# #.#######..#.##.#
...5.# #.# #..#.##.# ..#)#
#.#######..#.##.# #.#.#
##.#.....#..#.##.# #.#.#
#........#..#.##.# #...#
#..#.....#..#....#
#####..####@.###.###.......#
.......>.(.5......#
#.#####)#
#######.###########
#..)....# #.# ######### #(#
#.# #.# #.# #.


You could see Grinder.

Vanquished Creatures
  An orc wizard (D:3)
  4 adders
  An ooze (D:2)
  A worm (D:2)
  2 orcs (D:3)
  6 bats
  3 giant cockroaches
  7 goblins
  5 hobgoblins
  4 jackals (D:2)
  A quokka (D:2)
  A giant gecko (D:1)
  A giant newt (D:1)
  3 kobolds
  7 rats
47 creatures vanquished.

Notes
Turn   | Place    | Note
--------------------------------------------------------------
     0 | D:1      | dpvblackbelt the Deep Elf Ice Elementalist began the quest for the Orb.
     0 | D:1      | Reached XP level 1. HP: 10/10 MP: 6/6
     6 | D:1      | Noticed an electric eel
     6 | D:1      | Noticed an electric eel
   140 | D:1      | Reached XP level 2. HP: 12/15 MP: 8/8
   147 | D:1      | Reached skill level 4 in Spellcasting
   437 | D:2      | Learned a level 2 spell: Throw Frost
   856 | D:2      | Reached XP level 3. HP: 19/19 MP: 9/11
   937 | D:2      | Found a bloodstained altar of Trog.
  1000 | D:2      | Reached skill level 5 in Spellcasting
  1352 | D:2      | Found a white marble altar of Elyvilon.
  1382 | D:2      | Reached XP level 4. HP: 17/24 MP: 8/13
  1423 | D:2      | Learned a level 4 spell: Throw Icicle
  1754 | D:3      | Reached skill level 5 in Ice Magic
  1775 | D:3      | Noticed Grinder
  1777 | D:3      | Paralysed by Grinder for 3 turns
  1800 | D:3      | Slain by Grinder

Vault maps used:
D:1:      arrival_aquarium_b
D:2:      nicolae_overflow_hidden_temple, lightli_temple_of_fire
D:3:      kennysheep_generic_room_12, uniq_grinder

Action                   |  1- 3 |  4- 6 || total
-------------------------+-------+-------++-------
Melee: Dagger            |    39 |     8 ||    47
       Unarmed           |     3 |       ||     3
 Cast: Freeze            |    46 |    17 ||    63
       Throw Frost       |     6 |     2 ||     8
       Throw Icicle      |       |     1 ||     1
  Use: Potion            |       |     1 ||     1
 Stab: Sleeping          |     5 |     1 ||     6
  Eat: Chunk             |     1 |     1 ||     2
